[Event "*** Qualifier 2: Titled Tuesday 3|2 Blitz"]
[Site "Chess.com"]
[Date "2017.04.11"]
[Round "10"]
[White "Robin-Side"]
[Black "chesstatour"]
[Result "0-1"]
[WhiteElo "2341"]
[BlackElo "1958"]
[TimeControl "180+2"]
[EndTime "15:22:52 PDT"]
[Termination "chesstatour won by resignation"]

1. e4 c6 2. Nf3 d5 3. Nc3 dxe4 4.
Nxe4 Nf6 5. Nxf6+ gxf6 6. d4 Bg4 7. Be2 e6 8. Bf4 Bd6 9. Bxd6 Qxd6 10. Qd2 Nd7 11.
O-O-O O-O-O 12. h3 Bh5 13. Qa5 Bxf3 14. Bxf3 Kb8 15.
Kb1 Nb6 16. Rd3 Nc4 17. Qc3 Nb6 18. Rhd1 Nd5 19. Qa5 Qb4 20. Qxb4 Nxb4 21. Rb3 Nd5 22. g3 Rd7 23. Kc1 Rhd8 24. Bg2 Ne7 25. Rbd3 Nf5 26.
c3 h5 27. h4 Rg8 28. Bh3 Ne7 29. Rf3 f5 30. Rfd3 Nd5 31. f4 Nf6 32. Rg1 Ne4 33.
Re3 c5 34. dxc5 Nxc5 35. Rd1 Rxd1+ 36. Kxd1 Ne4 37. Ke2 Nxg3+ 38. Kf2 Ne4+ 39. Ke2 Nf6 40. Kf1 Nd5 41. Rf3 Nf6 42. Bg2 Rd8 43. Rf2 Ng4 44. Re2 Rd1+ 45. Re1 Ne3+ 46. Ke2 Rxe1+ 0-1

[Event "*** Qualifier 2: Titled Tuesday 3|2 Blitz"]
[Site "Chess.com"]
[Date "2017.04.11"]
[Round "10"]
[White "Marcus_Harvey"]
[Black "Noukii"]
[Result "0-1"]
[WhiteElo "2524"]
[BlackElo "2637"]
[TimeControl "180+2"]
[EndTime "15:22:56 PDT"]
[Termination "Noukii won by resignation"]

1. Nf3 d5 2. b3 Bg4 3. e3 Nd7 4.
Bb2 Ngf6 5. Be2 e6 6. O-O Bd6 7. h3 Bh5 8. d4 c6 9. Nbd2 Qb8 10. c4 O-O 11. Qc1 Re8 12. Ba3 Ne4 13. Bxd6 Qxd6 14. Re1 f5 15. Qb2 Rf8 16. Ne5 Bxe2 17. Nxd7 Qxd7 18.
Rxe2 Rf6 19. Nf3 Raf8 20. Ne5 Qe7 21. f3 Ng3 22. Rf2 Rh6 23. Kh2 Qh4 24. cxd5 exd5 25. b4 Nh5 26. b5 f4 27. e4 Qg3+ 28. Kh1 Nf6 29. bxc6 bxc6 30. Nxc6 Nxe4 31. Ne7+ Kh8 32. fxe4 f3 33. Rxf3 Rxh3+ 34. gxh3 Qxf3+ 35. Qg2 Qc3 36. Rf1 Re8 37. exd5 Qxd4 38. Nf5 Qf6 39. Ng3 Qh4 40. Nf5 Qf6 41. Qf3 h6 42. Ng3 Qd4 43. Rf2 Re1+ 44. Kg2 Re5 45. Qf8+ Kh7 46. d6 Qd5+ 47. Kh2 Rg5 48. Nf5 Qe5+ 49. Kh1 Qe1+ 0-1

[Event "*** Qualifier 2: Titled Tuesday 3|2 Blitz"]
[Site "Chess.com"]
[Date "2017.04.11"]
[Round "10"]
[White "Generalas"]
[Black "luisgui16"]
[Result "0-1"]
[WhiteElo "2209"]
[BlackElo "2134"]
[TimeControl "180+2"]
[EndTime "15:23:00 PDT"]
[Termination "luisgui16 won by resignation"]

1. e4 g6 2. h4 Bg7 3. h5 c5 4.
Nf3 Nc6 5. c3 d5 6. Bd3 Bg4 7.
hxg6 hxg6 8. Rxh8 Bxh8 9. Qa4 Bxf3 10. gxf3 Nf6 11. Na3 Qd7 12. Bb5 a6 13. d3 O-O-O 14. Bxc6 Qxc6 15. Qxc6+ bxc6 16. Ke2 Kd7 17. Be3 Rb8 18.
Rb1 Kd6 19. b3 Nd7 20. Bd2 a5 21. Rh1 a4 22. bxa4 Bf6 23. Rh7 Rb2 24. f4 Bxc3 25. Nb1 d4 26. Rh1 Rxa2 27. Rc1 Bxd2 28. Nxd2 Nb6 29. a5 Rxa5 30. Nb3 Rb5 31. Nd2 Rb2 32. Rb1 Rxb1 33. Nxb1 c4 34. dxc4 Kc5 35. Kd3 Nxc4 36. e5 Kd5 37. f3 e6 38. Ke2 Kc5 39. Kd3 Kd5 40. Ke2 g5 41. fxg5 Nxe5 42. Nd2 c5 43. f4 Nc4 44. Nf3 Ke4 45. Nh4 Kxf4 46.
g6 fxg6 47. Nxg6+ Ke4 48. Nf8 e5 49. Nd7 Kd5 50. Nf6+ Ke6 51. Ne4 Kd5 52. Nf6+ Kc6 53. Kd3 Nd6 54. Ng4 e4+ 55. Kd2 c4 56. Nf6 e3+ 57. Ke2 Kc5 58. Nd7+ Kd5 59. Nf6+ Ke5 60. Ng4+ Kf5 61. Nh6+ Ke4 62. Ng4 d3+ 63. Ke1 c3 64. Nf6+ Kf3 65. Nd5 c2 0-1

[Event "*** Qualifier 2: Titled Tuesday 3|2 Blitz"]
[Site "Chess.com"]
[Date "2017.04.11"]
[Round "10"]
[White "GianmarcoVaR"]
[Black "Bugcrusher"]
[Result "1-0"]
[WhiteElo "2501"]
[BlackElo "2422"]
[TimeControl "180+2"]
[EndTime "15:23:01 PDT"]
[Termination "GianmarcoVaR won by resignation"]

1. f4 Nf6 2. Nf3 d5 3. g3 c5 4. Bg2 Nc6 5. O-O g6 6. d3 Bg7 7.
Qe1 O-O 8. e4 dxe4 9. dxe4 Nd4 10. Nxd4 Qxd4+ 11. Kh1 Bd7 12. c3 Qd3 13. e5 Ng4 14.
Bxb7 Bb5 15. Rf3 Qd7 16. Bxa8 Rxa8 17. Nd2 Bc6 18. Qe2 Rd8 19. h3 Nh6 20. g4 Nxg4 21.
e6 Qd3 22. Qxd3 Rxd3 23. exf7+ Kxf7 24. Kg2 Ne3+ 25. Kf2 Bxf3 26. Nxf3 Nc2 27. Ng5+ Kg8 28. Ke2 Rd5 29. Rb1 Bf6 30. Ne4 c4 31. Nd2 e5 32.
Nxc4 e4 33. Be3 Rd3 34. Rd1 Nxe3 35. Nxe3 g5 36. fxg5 Bxg5 37. Rxd3 exd3+ 38. Kxd3 Kf7 39. Ke4 Ke6 40. c4 Bf6 41. b4 Kd6 42. a4 Bc3 43.
Nd5 Be1 44. c5+ Kc6 45. Kd4 Bf2+ 46. Kc4 Bg1 47. b5+ Kd7 48. a5 Bf2 49. b6 axb6 50.
cxb6 h5 51. a6 Kc6 52. a7 Kb7 53. Nc7 Bxb6 54. a8=Q+ Kxc7 55. Kd5 1-0

[Event "*** Qualifier 2: Titled Tuesday 3|2 Blitz"]
[Site "Chess.com"]
[Date "2017.04.11"]
[Round "10"]
[White "Vrolijk"]
[Black "prochn"]
[Result "1-0"]
[WhiteElo "2293"]
[BlackElo "2169"]
[TimeControl "180+2"]
[EndTime "15:23:08 PDT"]
[Termination "Vrolijk won by checkmate"]

1. Nf3 d5 2. c4 c6 3. e3 Nf6 4. d4 a6 5. Nc3 Bf5 6. Ne5 e6 7. g4 Be4 8. f3 Bg6 9. h4 h5 10. Nxg6 fxg6 11. Qc2 Kf7 12. g5 Ng8 13. Bd3 Ne7 14. cxd5 cxd5 15. Bd2 Nbc6 16. a3 Nf5 17.
O-O-O Rc8 18. Kb1 b5 19. Bxf5 gxf5 20. Qd3 b4 21. Ne2 bxa3 22. e4 Qb6 23. Bc3 Bb4 24.
exf5 Bxc3 25. fxe6+ Ke7 26. Qxc3 axb2 27. Nf4 Rhd8 28.
Qc5+ Qxc5 29. dxc5 Nb4 30. Rd4 a5 31. Re1 Rxc5 32.
Ng6+ Ke8 33. Kxb2 Nc2 34. Rf4 Rb8+ 35. Ka2 Nb4+ 36. Ka3 Nc2+ 37. Ka4 Rc4+ 38. Rxc4 dxc4 39. Rc1 Nd4 40. Rxc4 Nxe6 41. f4 Ra8 42. f5 Nf8 43. Re4+ Kf7 44. Ne5+ Kg8 45. Rd4 Re8 46. Rd5 Re7 47. Kxa5 Rc7 48. Kb6 Rc1 49. Nc6 Nd7+ 50. Rxd7 Kh8 51. Rd8+ Kh7 52. g6+ Kh6 53. Rh8# 1-0

[Event "*** Qualifier 2: Titled Tuesday 3|2 Blitz"]
[Site "Chess.com"]
[Date "2017.04.11"]
[Round "10"]
[White "DiogenesSinopeus"]
[Black "Ilja_Semjonovs"]
[Result "1-0"]
[WhiteElo "2276"]
[BlackElo "2179"]
[TimeControl "180+2"]
[EndTime "15:23:13 PDT"]
[Termination "DiogenesSinopeus won by resignation"]

1. d4 Nf6 2. c4 c5 3. d5 b5 4. Bg5 e6 5. Nc3 b4 6. Ne4 Be7 7. Bxf6 Bxf6 8. Nd6+ Kf8 9. Rb1 Qa5 10.
Nxc8 b3+ 11. Qd2 bxa2 12. Ra1 Qa6 13. dxe6 Qxc8 14. exf7 Nc6 15. Rxa2 Nb4 16. Ra3 Kxf7 17. Nf3 Qb7 18. g3 Bxb2 19. Rb3 Bf6 20. Bg2 Qc7 21.
O-O a5 22. Rd1 Rhd8 23. Ng5+ Bxg5 24. Qxg5 Ra6 25. Rd5 Nxd5 26. Bxd5+ Re6 27. Rd3 Re8 28. f4 Kf8 29. e4 Rf6 30. e5 Rh6 31. Qf5+ Ke7 32.
Rb3 Rb6 33. Rd3 Kd8 34. Qg5+ Kc8 35. Qxg7 a4 36. Qxh7 Rb3 37. Rd1 Qb6 38. Qf7 Rd8 39. Qf6 Qb4 40. Qa6+ Kb8 41. Qd6+ Kc8 42. Qa6+ Kb8 43.
Qd6+ Kc8 44. e6 dxe6 45. Bxe6+ Kb7 46. Qxd8 Rb1 47. Kg2 Rxd1 48. Qxd1 a3 49. Qd5+ Kb6 50. Qd6+ Ka7 51. Qc7+ Ka6 52. Bc8+ 1-0

[Event "*** Qualifier 2: Titled Tuesday 3|2 Blitz"]
[Site "Chess.com"]
[Date "2017.04.11"]
[Round "10"]
[White "Cayse"]
[Black "Fandorine"]
[Result "0-1"]
[WhiteElo "2628"]
[BlackElo "2679"]
[TimeControl "180+2"]
[EndTime "15:23:15 PDT"]
[Termination "Fandorine won by resignation"]

1. e4 c6 2. d4 d5 3. e5 Bf5 4. Nf3 e6 5. Be2 c5 6. Be3 cxd4 7. Nxd4 Ne7 8. O-O a6 9. Nd2 Nbc6 10.
N2f3 Bg4 11. c4 Rc8 12. Nxc6 Nxc6 13. cxd5 Qxd5 14. Qxd5 exd5 15. Rac1 Be7 16. h3 Be6 17. Nd4 O-O 18. Nxc6 bxc6 19. Bxa6 Ra8 20. Rxc6 Rfb8 21. Bd4 Rb4 22. Bc3 Ra4 23. Bd3 d4 24. b3 Rxa2 25. Bxd4 Rd2 26. Rc3 Rd8 27. Bc5 Bxc5 28. Bxh7+ Kxh7 29. Rxc5 Bxb3 30. f3 Ra2 31. Kh2 Rdd2 32. Rg1 Bd5 33. Kg3 Be6 34. Rcc1 g5 35. Rce1 Kg6 36.
Re3 Kf5 37. Re4 Re2 38. h4 Rxe4 39. fxe4+ Kxe4 40. hxg5 Kxe5 41. Rf1 Bf5 42. Rf3 Bg6 43. Kh3 Ke6 44. Kg3 Ra5 45. Kh4 Re5 46. Rf6+ Ke7 47.
Rb6 Kf8 48. Rb8+ Kg7 49. Rb6 Re4+ 50. Kg3 Bf5 51. Kf3 Ra4 52. Rb5 Kg6 0-1

[Event "*** Qualifier 2: Titled Tuesday 3|2 Blitz"]
[Site "Chess.com"]
[Date "2017.04.11"]
[Round "10"]
[White "wonderfultime"]
[Black "FancyPlaySyndrome"]
[Result "1-0"]
[WhiteElo "2653"]
[BlackElo "2395"]
[TimeControl "180+2"]
[EndTime "15:23:17 PDT"]
[Termination "wonderfultime won on time"]

1. d4 g6 2. g3 Bg7 3. Bg2 d6 4. Nf3 Nd7 5. O-O e5 6. c4 Ngf6 7. Nc3 O-O 8. Qc2 Re8 9. Rd1 c6 10. b3 e4 11. Ng5 d5 12. cxd5 cxd5 13. Nb5 h6 14. Nh3 Re6 15. Qc7 Re8 16. Bf4 a6 17.
Qxd8 Rxd8 18. Bc7 Rf8 19. Nd6 Ne8 20. Nxe8 Rxe8 21. Rac1 g5 22. f3 Nf6 23. Nf2 exf3 24. exf3 Bd7 25. Be5 Rac8 26. Nd3 Bb5 27. Nc5 b6 28. Nb7 Be2 29. Re1 Rxc1 30. Rxc1 Re7 31. Nd6 Bd3 32. Bh3 h5 33. Rc6 g4 34. Bg2 Nh7 35. f4 f6 36. Bxd5+ Kh8 37. Nf7+ Rxf7 38. Bxf7 fxe5 39. dxe5 Bf8 40. Rc8 Kg7 41. Bxh5 Bc5+ 42. Kg2 Bf5 43. Rc7+ Kh6 44. Bf7 Nf8 45. Bd5 a5 46.
Rf7 Kg6 47. Rf6+ Kg7 48. Rxf5 Ng6 49. Rg5 1-0

[Event "*** Qualifier 2: Titled Tuesday 3|2 Blitz"]
[Site "Chess.com"]
[Date "2017.04.11"]
[Round "10"]
[White "alturas_pacificas"]
[Black "rasmussvane"]
[Result "0-1"]
[WhiteElo "2147"]
[BlackElo "2499"]
[TimeControl "180+2"]
[EndTime "15:23:19 PDT"]
[Termination "rasmussvane won by resignation"]

1. d4 c6 2. Bf4 d5 3. e3 Nf6 4.
Nd2 Bf5 5. c4 e6 6. Qb3 Qb6 7.
c5 Qxb3 8. axb3 a6 9. b4 Nh5 10. b5 Nxf4 11. exf4 cxb5 12. Bxb5+ Kd8 13. Ngf3 Be7 14.
Ne5 Rf8 15. b4 Kc7 16. Bd3 Bxd3 17. Nxd3 Nc6 18. Nf3 Bf6 19. Nde5 Bxe5 20. fxe5 Nxb4 21. Kd2 Nc6 22. Rhb1 h6 23. Rb6 Rfb8 24. Kc3 Ne7 25. g4 Nc8 26. Rd6 Nxd6 27. exd6+ Kd8 28. g5 hxg5 29.
Nxg5 Ke8 30. Kb4 Rc8 31. Ka5 Rc6 32. Rb1 b5 33. cxb6 Rxd6 34. Nf3 f6 35. Nd2 e5 36. Nb3 exd4 37. Nc5 Rc6 38. Nxa6 Kd7 39. Kb5 Kd6 40. Rg1 g5 41. Rd1 Rc2 42. Rxd4 Rb2+ 43. Nb4 Rb8 44. Rxd5+ Ke6 45. Rd4 Rxf2 46. Rc4 Rb2 47. Kc6 Rc8+ 48.
Kb5 Rxc4 49. Kxc4 Kd6 50. Kb5 f5 51. b7 Kc7 52. Kc5 Kxb7 53. Nd5 f4 54. Kd4 Rd2+ 55. Ke4 Rxd5 56. Kxd5 0-1

[Event "*** Qualifier 2: Titled Tuesday 3|2 Blitz"]
[Site "Chess.com"]
[Date "2017.04.11"]
[Round "10"]
[White "FairChess_on_YouTube"]
[Black "GeorgMeier"]
[Result "0-1"]
[WhiteElo "2704"]
[BlackElo "2727"]
[TimeControl "180+2"]
[EndTime "15:23:24 PDT"]
[Termination "GeorgMeier won by checkmate"]

1. c4 c5 2. Nc3 g6 3. g3 Bg7 4.
Bg2 Nc6 5. d3 e6 6. Bd2 Nge7 7.
h4 h6 8. Qc1 d5 9. Nf3 b6 10.
O-O Bb7 11. a3 Qd7 12. cxd5 exd5 13. Rb1 Rc8 14. Bf4 Nd4 15. Qd2 Nef5 16. Nxd4 cxd4 17. Na2 O-O 18. Bh3 Kh7 19. Rbc1 Qe6 20. Nb4 a5 21. Nc2 Rfe8 22. Rfe1 Qf6 23. Na1 Bc6 24. Bg2 Bb7 25. Nb3 Bc6 26. Rc2 Qe6 27. Rec1 Bd7 28. Rxc8 Rxc8 29.
Rxc8 Bxc8 30. Qc2 Bd7 31. Nc1 Bf8 32. Qc7 Bc5 33. Bf3 Kg7 34. Nb3 Be7 35. Bg4 Bf6 36. Bxf5 Qxf5 37. Qxb6 Qg4 38. Nxd4 g5 39. hxg5 hxg5 40.
Be3 a4 41. Nf3 Be6 42. Bd4 Qf5 43. Bxf6+ Kxf6 44. Qd4+ Kg6 45. Qxa4 f6 46. Qd4 Qh3 47. a4 Qh8 48. a5 Qc8 49. Qc3 Qb7 50. Nd4 Bd7 51.
b4 Qa6 52. Qc5 Qa8 53. Qd6 Bg4 54. a6 Qc8 55. a7 Qc1+ 56. Kg2 Bh3+ 57. Kxh3 Qh1+ 58.
Kg4 Qh5# 0-1

[Event "*** Qualifier 2: Titled Tuesday 3|2 Blitz"]
[Site "Chess.com"]
[Date "2017.04.11"]
[Round "10"]
[White "evgenyermolaev"]
[Black "GamayevOleg"]
[Result "1-0"]
[WhiteElo "2370"]
[BlackElo "2381"]
[TimeControl "180+2"]
[EndTime "15:23:29 PDT"]
[Termination "evgenyermolaev won by checkmate"]

1. e4 c5 2. Nf3 d6 3. d4 cxd4 4.
Nxd4 Nf6 5. Nc3 g6 6. Be3 Bg7 7. f3 O-O 8. Qd2 Nc6 9. g4 Bxg4 10. fxg4 Nxg4 11. Bg1 e6 12. Nf3 Rc8 13. h3 Nge5 14. Nxe5 Nxe5 15. O-O-O Nf3 16. Qe3 Nxg1 17. Rxg1 Qa5 18.
Rd3 b5 19. Kb1 b4 20. Nd1 Rc6 21. Rb3 Rfc8 22. Bd3 Qc7 23. Rg2 a5 24. a3 bxa3 25. Rxa3 Rb8 26. Qd2 Rcb6 27. c3 Qc5 28. Ra4 Qc7 29.
h4 Rb3 30. Ka1 Qc6 31. Ra2 a4 32. Bc2 R3b6 33. Rxa4 Ra6 34. Rxa6 Qxa6+ 35. Kb1 Ra8 36. Bb3 Rb8 37. Bc2 Qa5 38. Bd3 Qc5 39. Kc2 Qc6 40.
Re2 Qa4+ 41. Kb1 Ra8 42. Qe3 Qa1+ 43. Kc2 Rb8 44. Kd2 h5 45. Bc2 Kh7 46. Qd3 Bh6+ 47. Ke1 Rxb2 48. e5 d5 49. Qf3 Kg7 50. Qf6+ Kg8 51. Qd8+ Kg7 52. Qf6+ Kg8 53. Rf2 Bg7 54. Qxf7+ Kh8 55. Qe8+ Kh7 56. Qxg6+ Kg8 57. Qe8+ Bf8 58. Qxf8# 1-0

[Event "*** Qualifier 2: Titled Tuesday 3|2 Blitz"]
[Site "Chess.com"]
[Date "2017.04.11"]
[Round "10"]
[White "MattyDPerrine"]
[Black "Iball95"]
[Result "0-1"]
[WhiteElo "2270"]
[BlackElo "2540"]
[TimeControl "180+2"]
[EndTime "15:23:32 PDT"]
[Termination "Iball95 won on time"]

1. Nf3 Nf6 2. g3 g6 3. Bg2 c5 4.
O-O Bg7 5. c4 O-O 6. d4 cxd4 7.
Nxd4 Nc6 8. Nc3 Qa5 9. Nc2 Qh5 10.
e4 d6 11. Qxh5 Nxh5 12. Bd2 Be6 13. b3 Rfc8 14. Rad1 Nf6 15. Nb5 Rab8 16. h3 a6 17. Nbd4 Nxd4 18. Nxd4 Bd7 19. Be3 b5 20. cxb5 axb5 21.
Rc1 b4 22. Rfd1 Be8 23. e5 dxe5 24. Nc6 Bxc6 25. Bxc6 Rc7 26. Rc4 e6 27. Kf1 Bf8 28. Ke2 Kg7 29. f4 exf4 30. gxf4 Ne8 31. Bd4+ f6 32. Rdc1 Nd6 33. R4c2 Nf5 34. Ba1 Bd6 35. Kf3 Rbc8 36. Be4 Rxc2 37. Rxc2 Rxc2 38. Bxc2 Bc5 39. Bd3 Kf7 40. Bb2 Ke7 41. Bc1 Nd4+ 42. Kg2 Nf5 43. Kf3 h6 44. Bd2 Kd6 45. Bc4 g5 46. Ke4 Ne7 47.
fxg5 hxg5 48. Be1 f5+ 49. Kf3 e5 50. Bd2 e4+ 51. Kg2 e3 52. Be1 Nd5 53. Kf3 f4 54. h4 gxh4 55. Bxd5 Kxd5 56. Bxh4 Bd6 0-1

[Event "*** Qualifier 2: Titled Tuesday 3|2 Blitz"]
[Site "Chess.com"]
[Date "2017.04.11"]
[Round "10"]
[White "RitvarsReimanis"]
[Black "donotreadit"]
[Result "0-1"]
[WhiteElo "2427"]
[BlackElo "2527"]
[TimeControl "180+2"]
[EndTime "15:23:32 PDT"]
[Termination "donotreadit won on time"]

1. d4 d6 2. Nf3 Bg4 3. g3 Bxf3 4.
exf3 c6 5. Bg2 Nf6 6. O-O e6 7. Bg5 Be7 8. Bxf6 Bxf6 9. c3 d5 10. f4 g6 11. Nd2 O-O 12. Nf3 Nd7 13. Ne5 Bxe5 14. fxe5 c5 15. dxc5 Nxe5 16. Qd4 Nc6 17. Qa4 Qa5 18. Qxa5 Nxa5 19. b4 Nc4 20. Rfe1 b6 21.
Bf1 Na3 22. c6 Nc2 23. Ba6 b5 24. Rec1 Nxa1 25. Rxa1 Rac8 26. Bb7 Rc7 27. a4 a6 28. axb5 axb5 29. Ra5 d4 30. cxd4 Rd8 31. Rxb5 Rxd4 32. f4 Rd2 33. Re5 Rb2 34. b5 Kf8 35. g4 Ke7 36. g5 Kd6 37. h4 Re7 38. Ba6 Kc7 39. Re4 Re8 40. Rd4 Rd8 41. Rxd8 Kxd8 42. Kf1 Kc7 43. Kg1 Rb4 44. Kg2 Rxf4 45. Kg3 Rb4 46. Kh3 e5 47. Kg3 Rf4 48. Bb7 Kb6 49. Ba6 Rb4 50. Kh3 Rb3+ 51. Kg4 Rc3 52. h5 gxh5+ 53. Kxh5 Rg3 54. Kh4 Rg1 55. Kh5 e4 56. Kh4 e3 57.
Kh5 Rg2 58. Bb7 e2 59. c7 Kxb7 0-1

[Event "*** Qualifier 2: Titled Tuesday 3|2 Blitz"]
[Site "Chess.com"]
[Date "2017.04.11"]
[Round "10"]
[White "Tolya2"]
[Black "MasterLeif"]
[Result "1/2-1/2"]
[WhiteElo "2314"]
[BlackElo "2300"]
[TimeControl "180+2"]
[EndTime "15:23:47 PDT"]
[Termination "Game drawn - insufficient material"]

1. Nf3 d5 2. d4 Nf6 3. c4 e6 4. g3 Be7 5. Bg2 O-O 6. O-O c6 7. Nbd2 Nbd7 8. Qc2 b6 9. e4 Bb7 10. b3 c5 11. exd5 exd5 12. Bb2 Rc8 13. Qf5 dxc4 14. Nxc4 cxd4 15. Nxd4 Bxg2 16. Kxg2 Nc5 17.
Rad1 Qc7 18. Qf3 Qb7 19. Nf5 Qxf3+ 20. Kxf3 Bd8 21. Ncd6 Rc7 22. Nb5 Rb7 23. Nfd6 Rd7 24. Nf5 a6 25. Nbd4 Re8 26. Nc6 Rd3+ 27. Kg2 h5 28. b4 Rxd1 29. Rxd1 Na4 30. Be5 Ng4 31.
Bd4 Bf6 32. Bxf6 Nxf6 33. h3 Re2 34. Rd8+ Kh7 35. Ncd4 Rxa2 36. Rf8 Ne4 37. Kf3 Nac3 38.
Ke3 Rxf2 39. Rxf7 Rxf5 40. Nxf5 Kg6 41. Rxg7+ Kxf5 42. g4+ hxg4 43. hxg4+ Ke5 44. Ra7 Nd5+ 45. Kf3 Ng5+ 46. Kg3 Nxb4 47. Rg7 Kf6 48. Rb7 Nd5 49. Kh4 Nf3+ 50. Kh5 b5 51. Ra7 b4 52. Rxa6+ Ke5 53. Ra7 b3 54. Rb7 Nd4 55. g5 Nf4+ 56. Kg4 Nfe6 57.
g6 Kd5 58. Kh5 Kc4 59. Rxb3 Kxb3 60. g7 Nxg7+ 61. Kg6 Nge6 62. Kf6 Kc4 63. Ke5 Kc5 1/2-1/2

[Event "*** Qualifier 2: Titled Tuesday 3|2 Blitz"]
[Site "Chess.com"]
[Date "2017.04.11"]
[Round "10"]
[White "justantan"]
[Black "Winehouse83"]
[Result "1-0"]
[WhiteElo "2329"]
[BlackElo "2321"]
[TimeControl "180+2"]
[EndTime "15:24:06 PDT"]
[Termination "justantan won by checkmate"]

1. e4 e5 2. Nf3 Nc6 3. Bc4 Bc5 4.
O-O Nf6 5. d3 O-O 6. a4 d5 7.
exd5 Nxd5 8. Nbd2 Nf6 9. Re1 Bg4 10. h3 Bh5 11. a5 a6 12. g4 Bg6 13. Nb3 Be7 14.
Nxe5 Nxe5 15. Rxe5 Nd7 16. Re1 Bd6 17. d4 Qh4 18.
Bf1 f5 19. g5 Bh5 20. Qd3 f4 21. Qc4+ Bf7 22. Qc3 Qxg5+ 23. Kh2 Bd5 24. Nc5 Rad8 25. Ne4 Bxe4 26. Rxe4 Nf6 27. Re6 f3+ 28. Kh1 Bf4 29. Bxf4 Qxf4 30. Qe3 Qxd4 31. Qxd4 Rxd4 32. Re3 Rd2 33. Rxf3 Rxc2 34. b3 Ne4 35. Bc4+ Rxc4 36. Rxf8+ Kxf8 37. bxc4 Nxf2+ 38. Kg2 Nd3 39. Rd1 Nc5 40.
Rd5 b6 41. axb6 cxb6 42. Rd6 b5 43. Rc6 Nd3 44. Rxa6 bxc4 45. Rc6 Ne5 46. Rc5 Nd3 47. Rxc4 Ne5 48. Rc7 Nf7 49. Kg3 g6 50. Kf4 Kg7 51. Rd7 Kf6 52. Ra7 h5 53. Ra6+ Kg7 54. h4 Kh7 55. Ra5 Kg7 56. Ke4 Nh6 57. Ke5 Nf5 58. Ra7+ Kh6 59. Ra4 Kg7 60. Ke6 Ne3 61. Ra7+ Kh6 62.
Kf6 Ng4+ 63. Kf7 Ne5+ 64. Kg8 Nf3 65. Rh7# 1-0

[Event "*** Qualifier 2: Titled Tuesday 3|2 Blitz"]
[Site "Chess.com"]
[Date "2017.04.11"]
[Round "10"]
[White "EvgenyT"]
[Black "MITerryble"]
[Result "0-1"]
[WhiteElo "2558"]
[BlackElo "2664"]
[TimeControl "180+2"]
[EndTime "15:24:07 PDT"]
[Termination "MITerryble won by resignation"]

1. Nf3 Nf6 2. c4 e6 3. g3 b6 4. Bg2 Bb7 5. O-O Be7 6. d4 O-O 7.
Nc3 Ne4 8. Bd2 Nxd2 9. Qxd2 d6 10.
d5 e5 11. e4 a5 12. Ne1 Na6 13. Nd3 Nc5 14. f4 Nxd3 15. Qxd3 Bf6 16. f5 h5 17. h4 Bc8 18. Bf3 g6 19. Kg2 Kg7 20. Rh1 Bd7 21. Nd1 Rh8 22. Ne3 Qe7 23. Rag1 Rh7 24. Rh2 Rah8 25.
Rgh1 Kg8 26. Kf1 Rg7 27. g4 hxg4 28. Bxg4 Rgh7 29. h5 Bg5 30. Ke2 gxh5 31. Rxh5 Rxh5 32. Rxh5 Rxh5 33. Bxh5 Bxe3 34. Qxe3 Qh4 35. Qg1+ Kf8 36.
Bf3 f6 37. b3 Be8 38. Qe3 Qh2+ 39. Qf2 Qh6 40. Qe3 Qxe3+ 41. Kxe3 Kg7 42. Kf2 Kh6 43. Kg3 Kg5 44. Be2 a4 45. b4 a3 46. b5 Bf7 47.
Bf3 Bg8 48. Be2 Bh7 49. Bf3 Bxf5 50. exf5 Kxf5 51. Bg4+ Ke4 52. Bh5 Kd3 53. Kg4 Kxc4 54. Kf5 Kxb5 55. Kxf6 Kc5 56. Ke6 b5 57. Bd1 b4 58.
Bc2 Kd4 59. Kd7 e4 60. Kxc7 e3 0-1

[Event "*** Qualifier 2: Titled Tuesday 3|2 Blitz"]
[Site "Chess.com"]
[Date "2017.04.11"]
[Round "10"]
[White "Ginger_GM"]
[Black "dhanushbharadwaj"]
[Result "1-0"]
[WhiteElo "2437"]
[BlackElo "2335"]
[TimeControl "180+2"]
[EndTime "15:24:11 PDT"]
[Termination "Ginger_GM won by resignation"]

1. h4 Nf6 2. h5 d5 3. h6 g6 4. d3 c5 5. Nf3 Nc6 6. Bf4 Bg4 7. Ne5 Nxe5 8. Bxe5 Qb6 9. Rh4 Be6 10.
g4 Rg8 11. g5 Nd7 12. Bh2 f6 13. gxf6 exf6 14. c4 d4 15. Nd2 f5 16. Bg3 Bd6 17. Bxd6 Qxd6 18. Bg2 O-O-O 19. Qa4 Qb6 20. b4 cxb4 21. Rb1 a5 22. Nb3 Nc5 23. Nxc5 Qxc5 24. a3 Bd7 25. axb4 Bxa4 26. bxc5 Bc6 27. Bxc6 bxc6 28.
Kd2 Kc7 29. Rb6 g5 30. Rh1 Ra8 31. e3 dxe3+ 32. fxe3 g4 33. d4 Rgd8 34. Rf1 Rf8 35. d5 cxd5 36. cxd5 a4 37. Rfb1 Ra7 38. d6+ Kd7 39.
Rb7+ Rxb7 40. Rxb7+ Kc6 41. Rc7+ Kd5 42. d7 Rd8 43. c6 Kd6 44. Rc8 Ke7 45. Ke2 a3 46. c7 Rxd7 47. Re8+ Kxe8 48. c8=Q+ Ke7 49. Qc5+ Kf6 50.
Qxa3 Re7 51. Qd6+ Re6 52. Qf8+ Kg5 53. Qg7+ Rg6 54. Qxh7 Rxh6 55. Qe7+ Rf6 56. Kf2 Kg6 57. Kg3 Rf7 58. Qe8 Kf6 59. Kf4 Re7 60. Qf8+ Ke6 61. Qxf5+ Kd6 62. Qxg4 Rf7+ 63. Ke4 Re7+ 64. Kd4 Ra7 65.
Qg6+ Kc7 66. Qg7+ Kb6 67. Qxa7+ Kxa7 68. Kd5 Kb7 69. Kd6 Kc8 70. Ke7 Kc7 71. e4 Kc6 72. e5 Kd5 73. e6 Kc6 74. Kf7 Kd6 75. e7 1-0

[Event "*** Qualifier 2: Titled Tuesday 3|2 Blitz"]
[Site "Chess.com"]
[Date "2017.04.11"]
[Round "10"]
[White "maciek_92"]
[Black "Sebastian"]
[Result "1-0"]
[WhiteElo "2564"]
[BlackElo "2678"]
[TimeControl "180+2"]
[EndTime "15:24:17 PDT"]
[Termination "maciek_92 won on time"]

1. c4 g6 2. Nc3 c5 3. g3 Bg7 4.
Bg2 Nc6 5. e3 e6 6. Nge2 Nge7 7.
d4 cxd4 8. Nxd4 O-O 9. O-O d5 10. cxd5 Nxd4 11. exd4 Nxd5 12. Nxd5 exd5 13. Qb3 Be6 14. Be3 Qd7 15. Rac1 Rac8 16. Qa3 b6 17. Qd3 Bh3 18. Bxh3 Qxh3 19. Qb5 Qe6 20. a4 h5 21. h4 Rfe8 22. a5 bxa5 23. Qxa5 a6 24. Rfe1 Rxc1 25.
Rxc1 Rb8 26. Ra1 Rb6 27. Qc3 Rc6 28. Qd3 Kh7 29. Kg2 Rb6 30. b3 Qc6 31. Ra5 Qe6 32. Qc2 Bf8 33. Qd3 Bb4 34. Ra2 Be7 35. Rc2 Bf6 36. Rc5 Kg7 37. Bf4 Kh7 38. Rc7 Rc6 39. Ra7 Kg8 40. Rb7 Bg7 41. Rb8+ Kh7 42. Be3 Rb6 43. Ra8 Qc6 44. Ra7 Qe6 45. Qc2 Rc6 46. Qd1 Bf6 47. Qf3 Kg7 48. Qf4 Qe4+ 49. Qxe4 dxe4 50.
Kf1 Rb6 51. d5 Rxb3 52. d6 Rd3 53. Rxa6 Be5 54. Bc5 Rd5 55. Bb4 Kf6 56. Ke2 Kf5 57. Ke3 Rd3+ 58. Ke2 f6 59. Bc5 Rd5 60. Bb4 Rb5 61.
d7 Bc7 62. Bc3 Rb6 63. Ra7 Bd8 64. Ra8 Be7 65. Re8 1-0

[Event "*** Qualifier 2: Titled Tuesday 3|2 Blitz"]
[Site "Chess.com"]
[Date "2017.04.11"]
[Round "10"]
[White "saraswathii"]
[Black "djano"]
[Result "1/2-1/2"]
[WhiteElo "2236"]
[BlackElo "2343"]
[TimeControl "180+2"]
[EndTime "15:25:08 PDT"]
[Termination "Game drawn by repetition"]

1. e4 g6 2. d3 Bg7 3. Nf3 d6 4.
g3 Nf6 5. Bg2 O-O 6. O-O c5 7.
Qe2 Nc6 8. c3 Rb8 9. a3 b5 10.
d4 cxd4 11. Nxd4 Nxd4 12. cxd4 Bg4 13. Qe1 Qd7 14. Nc3 Rfc8 15. e5 Ne8 16. Bf4 Bh3 17.
exd6 Bxg2 18. Kxg2 Nxd6 19. Rd1 a5 20. Kg1 Rc4 21.
Be5 Bh6 22. Nd5 Nf5 23. Bxb8 Qxd5 24. Qe5 Qf3 25. Qxb5 Nxd4 26. Qe8+ Bf8 27. Rxd4 Rxd4 28. Qc8 Qb3 29. Be5 Rd1 30. Qa6 a4 31. Bc3 h5 32.
Qe2 Rd5 33. Re1 Qb5 34. Qe4 Qd7 35. Qf3 Rf5 36. Qe3 Kh7 37. Qe2 Rd5 38. Qc4 Bg7 39. Bxg7 Kxg7 40. Kg2 e6 41. Re4 Rd2 42. Qc3+ Kg8 43.
Rb4 Qd5+ 44. Qf3 Qd7 45. Qf6 Qc6+ 46. Kh3 Qc8 47. Qe5 Rd5 48. Qb8 Qxb8 49. Rxb8+ Kg7 50.
Rb4 Ra5 51. Kg2 e5 52. Kf3 f5 53. Ke3 Kf6 54. h4 Ra6 55. Kd3 Ke6 56. Kc4 Ra8 57. Kb5 Kd5 58. Kb6 Rb8+ 59. Ka5 Ra8+ 60. Kb5 e4 61. Kb6 Rb8+ 62. Ka6 Ra8+ 63. Kb7 Ra5 64. Kb6 Ra8 65. Kc7 Ke5 66. Kb7 Ra5 67. Kc6 f4 68. gxf4+ Kxf4 69. Kd6 Kf3 70. Ke6 Ra8 71. Kf6 Re8 72.
Kf7 Re5 73. Kf6 Re8 74. Kf7 Re5 75. Kf6 Re8 76. Kf7 Re5 77. Kf6 Re8 1/2-1/2